 Dungeon Crawl Stone Soup version 0.22-a0-252-gcace5d2 (webtiles) character file.

140 Econoterrorist the Twirler (level 5, -9/42 HPs)
             Began as a Minotaur Gladiator on Mar 2, 2018.
             Mangled by Nornya's ghost (15 damage)
             ... on level 3 of the Dungeon.
             The game lasted 00:04:23 (1948 turns).

Econoterrorist the Twirler (Minotaur Gladiator)     Turns: 1948, Time: 00:04:24

Health: -9/42      AC:  7    Str: 19    XL:     5   Next: 2%
Magic:  4/4        EV: 12    Int:  6    God:
Gold:   100        SH:  0    Dex: 11    Spells: 4/4 levels left

rFire    . . .     SeeInvis .   a - +0 quarterstaff
rCold    . . .     Gourm    .   (shield currently unavailable)
rNeg     . . .     Faith    .   i - +0 ring mail
rPois    .         Spirit   .   c - +0 hat
rElec    .         Reflect  .   (no cloak)
rCorr    +         Harm     .   h - +0 pair of gloves
MR       .....                  b - +0 pair of boots
Stlth    +.........             (no amulet)
HPRegen  0.14/turn              o - ring of resist corrosion
MPRegen  0.09/turn              (no ring)

@: no status effects
A: retaliatory headbutt, horns 2
a: no special abilities


You were on level 3 of the Dungeon.
You were not hungry.

You visited 1 branch of the dungeon, and saw 3 of its levels.

You collected 100 gold pieces.

Inventory:

Hand Weapons
 a - a +0 quarterstaff (weapon)
Missiles
 d - 3 throwing nets (quivered)
Armour
 b - a +0 pair of boots (worn)
 c - a +0 hat (worn)
 h - a +0 pair of gloves (worn)
 i - a +0 ring mail (worn)
Jewellery
 o - a ring of resist corrosion (left hand)
Scrolls
 e - 3 scrolls of identify {unknown}
 k - a scroll of magic mapping {unknown}
 l - a scroll of immolation {unknown}
 m - 2 scrolls of random uselessness {unknown}
 n - a scroll of remove curse {unknown}
 p - a scroll of blinking {unknown}
 q - a scroll of enchant weapon {unknown}
Potions
 g - a potion of cancellation {unknown}
 j - a potion of might {unknown}
 s - a potion of lignification {unknown}
Comestibles
 f - 3 rations


   Skills:
 - Level 2.4 Fighting
 + Level 6.9 Staves
 - Level 2.0 Throwing
 - Level 3.2 Dodging


You had 4 spell levels left.
You didn't know any spells.

Dungeon Overview and Level Annotations

Branches:
Dungeon (3/15)

Altars:
Xom

Annotations:
D:3 Nornya's ghost, amateur MiGl


Innate Abilities, Weirdness & Mutations

You reflexively headbutt those who attack you in melee.
You have a pair of horns on your head.


Message History

Nornya's ghost hits you but does no damage.
You hit Nornya's ghost. You headbutt Nornya's ghost.
Nornya's ghost is moderately damaged.
Nornya's ghost hits you.
You hit Nornya's ghost but do no damage.
Nornya's ghost is moderately damaged.
Nornya's ghost hits you.
You hit Nornya's ghost but do no damage.
You headbutt Nornya's ghost.
Nornya's ghost is heavily damaged.
Nornya's ghost hits you!
* * * LOW HITPOINT WARNING * * *
You barely miss Nornya's ghost. Your headbutt misses Nornya's ghost.
Nornya's ghost is heavily damaged.
Nornya's ghost hits you!
* * * LOW HITPOINT WARNING * * *
Nornya's ghost barely misses you.
There is a stone staircase leading up, spattered with blood here.
Nornya's ghost hits you!
You die...

.# W# ###.# ## #########
#.h.## . #..W....# #...>
#.#.##.##.# #..#
##.##.#@#.#.#.####..##.#
........W......รทรทรท.....#
##.##.#.#.#.#.###)#.####
#.#.##.##.# #.#.# .
#.......# #.#.. .#
######### #.#### #. #.# #
#.. ###


You could see Nornya's ghost.

Vanquished Creatures
  A hound (D:2)
  Natasha (D:3)
  2 adders (D:2)
  4 worms
  3 dart slugs (D:1)
  A leopard gecko (D:2)
  4 bats
  A giant cockroach (D:2)
  3 goblins
  5 hobgoblins
  6 jackals
  A quokka (D:2)
  3 ball pythons
  2 frilled lizards
  8 kobolds
  3 rats (D:2)
48 creatures vanquished.

Notes
Turn   | Place    | Note
-------+----------+-------------------------------------------
     0 | D:1      | Econoterrorist the Minotaur Gladiator began the quest for the Orb.
     0 | D:1      | Reached XP level 1. HP: 18/18 MP: 0/0
   130 | D:1      | You fall through a shaft!
   185 | D:1      | Reached skill level 4 in Staves
   217 | D:1      | Reached XP level 2. HP: 25/25 MP: 1/1
   841 | D:2      | Reached skill level 5 in Staves
   841 | D:2      | Reached XP level 3. HP: 30/30 MP: 2/2
  1127 | D:2      | Reached skill level 6 in Staves
  1127 | D:2      | Reached XP level 4. HP: 37/37 MP: 3/3
  1495 | D:2      | Found a shimmering altar of Xom.
  1577 | D:3      | Noticed Natasha
  1587 | D:3      | Killed Natasha
  1590 | D:3      | Noticed Nornya's ghost (amateur MiGl)
  1590 | D:3      | Reached XP level 5. HP: 31/42 MP: 4/4
  1948 | D:3      | Mangled by Nornya's ghost

Vault maps used:
D:1:      evilmike_arrival_run_for_it
D:2:      marbit_many_paths, st_stairs_7
D:3:      nicolae_ru_path_of_blood, lemuel_coloured_pillars_altar,
          minmay_surrounded, uniq_natasha

Skill      XL: |  1  2  3 |
---------------+----------+-----
Staves         | 4 5 6 |  6.9
Fighting       | |  2.4
Throwing       | |  2.0
Dodging        | |  3.2

Action                   |  1- 3 |  4- 6 || total
-------------------------+-------+-------++-------
Melee: Quarterstaff      |    65 |    39 ||   104
       Headbutt          |    13 |     7 ||    20
  Eat: Chunk             |     1 |     2 ||     3
Armor: Ring mail         |    16 |    13 ||    29
Dodge: Dodged            |    37 |    34 ||    71

Table legend:
 A = Spawn XP
 B = Non-spawn XP
 C = Spawn XP percentage of total XP
 D = Spawn monster count
 E = Non-spawn monster count
 F = Spawn count percentage of total count
 G = Total turns spent on level
                    A         B        C        D         E        F      G
               +---------+---------+-------+---------+---------+-------+---------
         Total |       0 |     200 |   0.0 |       0 |      48 |   0.0 |  1948
               +---------+---------+-------+---------+---------+-------+---------
           D:1 |       0 |      27 |   0.0 |       0 |      10 |   0.0 |   819
           D:2 |       0 |     131 |   0.0 |       0 |      32 |   0.0 |  1040
           D:3 |       0 |      42 |   0.0 |       0 |       6 |   0.0 |    89
               +---------+---------+-------+---------+---------+-------+---------
